 Dungeon Crawl Stone Soup version 0.30-a0-953-g5f1da4a474 (webtiles) character file.

Game seed: 6603405942809041940

4895 Jackthecabe the Covert (level 10, -10/53 HPs)
             Began as a Vine Stalker Brigand on Mar 29, 2023.
             Was a High Priest of Ashenzari.
             Mangled by a hornet (11 damage)
             ... while paralysed by a hornet
             ... on level 9 of the Dungeon.
             The game lasted 00:16:49 (6418 turns).

Jackthecabe the Covert (Vine Stalker Brigand)       Turns: 6418, Time: 00:16:49

Health: -10/53     AC: 15    Str: 14    XL:     10   Next: 51%
Magic:  0/11       EV:  2    Int:  9    God:    Ashenzari [*****.]
Gold:   428        SH:  0    Dex: 20    Spells: 7/9 levels left

rFire   + . .      SeeInvis +    e - +2 dagger of Desmomancy {venom, Cun, Range} (curse)
rCold   . . .      Faith    .    (no shield)
rNeg    + + .      Spirit   +    f - +0 leather armour of the Manifest Anxiety {Comp, Bglg} (curse)
rPois   .          Reflect  .    u - +2 helmet of Ashenzari's Regret {Cun, Fort} (curse)
rElec   .          Rampage  .    c - +0 cloak of Desmomancy {Evo, Bglg} (curse)
rCorr   .          Clarity  +    J - +2 pair of gloves of the Cryptic Sphere {Cun, Range} (curse)
Will    +....                    m - +0 pair of boots of the Chained Anxiety {Bglg, Alch} (curse)
Stlth   ++++++                   (no amulet)
HPRegen 1.08/turn                o - ring of the Fated Mistrust {Fly rF+ rN++ AC+4 Int-2, Bglg, Cun} (curse)
MPRegen 0.12/turn                E - ring "Prophetic Mistrust" {EV+5, Elem, Self} (curse)

@: paralysed, lethally poisoned (-10 -> -22), flying, slowed
A: fangs 3, regeneration 1, magic shield, antimagic bite, no potion heal 2
a: Renounce Religion, Shatter the Chains


You were on level 9 of the Dungeon.
You worshipped Ashenzari.
Ashenzari was extremely pleased with you.
You visited 1 branch of the dungeon, and saw 9 of its levels.
You also visited: Ossuary.

You collected 428 gold pieces.


Innate Abilities, Weirdness & Mutations

You have razor-sharp teeth.
Your natural rate of healing is unusually fast.
When hurt, damage is shared between your health and your magic reserves.
Your bite disrupts and absorbs the magic of your enemies.
Potions cannot restore your health.


   Skills:
 - Level 4.2(6.2) Fighting
 - Level 8.0(9.6) Short Blades
 + Level 8.5(9.9) Long Blades
 - Level 1.7(3.9) Throwing
 - Level 0.7(3.0) Dodging
 - Level 10.4(15.4) Stealth
 - Level 1.0(2.3) Transmutations
 - Level 1.0(2.2) Earth Magic


You had 7 spell levels left.
You knew the following spells:

 Your Spells              Type           Power      Damage    Failure   Level
a - Passwall              Tmut/Erth      3%         N/A       30%         2

Your spell library contained the following spells:

 Spells                   Type           Power      Damage    Failure   Level
 Beastly Appendage        Tmut           8%         N/A       21%         1
 Sandblast                Erth           8%         2d5       21%         1
 Wereblood                Tmut           4%         N/A       30%         2
 Stone Arrow              Conj/Erth      4%         3d7       63%         3
 Spider Form              Tmut/Pois      2%         N/A       65%         3

Inventory:

Hand Weapons
 e - the cursed +2 dagger of Desmomancy (weapon) {venom, Cun, Range}
   (You took it off an orc wizard on level 2 of the Dungeon)

   It has a curse which improves the following skills: Cunning: Dodging and
   Stealth.
   Ranged Combat: Ranged Weapons and Throwing.
 k - the +7 Throatcutter {drain, coup de grace}
   (You took it off Terence on level 3 of the Dungeon)
 Q - the +7 rapier of the Battered Realms {heavy, Will+}
   (You found it on level 8 of the Dungeon)

   Will:      It increases your willpower.
Missiles
 d - 41 poisoned darts (quivered)
 w - 2 curare-tipped darts {=f}
Armour
 c - the cursed +0 cloak of Desmomancy (worn) {Evo, Bglg}

   It has a curse which improves the following skills: Evocations: Evocations.
   Beguiling: Conjurations, Hexes and Translocations.
 f - the cursed +0 leather armour of the Manifest Anxiety (worn) {Comp, Bglg}
   (You found it on level 1 of the Dungeon)

   It has a curse which improves the following skills: Companions: Summonings
   and Necromancy.
   Beguiling: Conjurations, Hexes and Translocations.
 m - the cursed +0 pair of boots of the Chained Anxiety (worn) {Bglg, Alch}
   (You found it on level 1 of the Dungeon)

   It has a curse which improves the following skills: Beguiling: Conjurations,
   Hexes and Translocations.
   Alchemy:   Poison Magic and Transmutations.
 u - the cursed +2 helmet of Ashenzari's Regret (worn) {Cun, Fort}
   (You found it on level 2 of the Dungeon)

   It has a curse which improves the following skills: Cunning: Dodging and
   Stealth.
   Fortitude: Armour and Shields.
 D - a +1 pair of boots
 J - the cursed +2 pair of gloves of the Cryptic Sphere (worn) {Cun, Range}
   (You found it on level 6 of the Dungeon)

   It has a curse which improves the following skills: Cunning: Dodging and
   Stealth.
   Ranged Combat: Ranged Weapons and Throwing.
 K - a +2 pair of gloves
Magical Staves
 i - a staff of cold {!a}
Jewellery
 o - the cursed ring of the Fated Mistrust (left hand) {Fly rF+ rN++ AC+4 Int-2, Bglg, Cun}
   (You found it on level 2 of the Dungeon)

   [ring of protection]

   AC:        It affects your AC (+4).
   Int:       It affects your intelligence (-2).
   rF:        It protects you from fire.
   rN:        It greatly protects you from negative energy.
   Fly:       It grants you flight.
   It has a curse which improves the following skills: Beguiling: Conjurations,
   Hexes and Translocations.
   Cunning:   Dodging and Stealth.
 C - a ring of protection from cold
 E - the cursed ring "Prophetic Mistrust" (right hand) {EV+5, Elem, Self}
   (You found it on level 2 of the Dungeon)

   [ring of evasion]

   EV:        It affects your evasion (+5).
   It has a curse which improves the following skills: Elements: Fire Magic, Ice
   Magic, Air Magic and Earth Magic.
   Introspection: Fighting and Spellcasting.
 I - a +6 ring of intelligence
 M - a ring of magical power
Wands
 z - a wand of polymorph (7)
 L - a wand of flame (15)
 N - a wand of mindburst (11)
Scrolls
 j - 3 scrolls of enchant weapon
 n - a scroll of immolation
 q - 4 scrolls of amnesia
 s - 5 scrolls of teleportation {@r2}
 t - 3 scrolls of silence {!r}
 v - 2 scrolls of fog
 x - 2 scrolls of blinking
 y - 5 scrolls of magic mapping
 A - 2 scrolls of fear
 G - 2 scrolls of enchant armour
 H - a scroll of brand weapon
Potions
 a - 2 potions of berserk rage {!q}
 b - 2 potions of magic
 g - 5 potions of invisibility
 h - 2 potions of might
 l - 2 potions of lignification
 p - 5 potions of attraction
 r - 11 potions of curing {@q1}
 B - 2 potions of cancellation
 F - 2 potions of brilliance
 O - 4 potions of flight
 P - a potion of resistance
 R - 3 potions of haste {@q3}

Dungeon Overview and Level Annotations

Branches:
Dungeon (9/15)             Temple (0/1) D:6            Lair (0/5) D:8
Ossuary (visited)
    Orc: D:9-12

Altars:
Ashenzari
Elyvilon
Gozag
Hepliaklqana
Kikubaaqudgha
Nemelex Xobeh
Trog
Uskayaw
Vehumet

Shops:
D:4 (   D:7 *   D:9 [

Annotations:
D:3 Grinder

### ### * ## #.## ##.# .## *
#. ##.#####.## ,*#..#* #.##
##......## * ...#
##g######........## #..##
##ggy@..#.#........### ,
*#..####gg####..#####........
#..##g{## ##.# ###...##. ,**
##.....## #.# ##..### *
##.....## #.# #.##
#####....g..# #.# #.#
............# #.# ▒▒▒'▒▒▒
............#* *#.# ▒.....▒
.......##.c..#** ...*
▒.8.8.▒#


You could see a hornet (very poisoned), a gnoll bouda and 5 gnolls.


Message History

The hornet is lightly wounded.
You feel sick. The hornet stings you.
* * * LOW HITPOINT WARNING * * *
You are more poisoned.
You feel as though you will be slow longer.
You hit the hornet but do no damage.
The hornet is poisoned.
The hornet is lightly wounded.
You feel very sick. The hornet completely misses you.
The gnoll completely misses you.
The gnoll hits you from afar with a +0 halberd.
* * * LOW HITPOINT WARNING * * *
The gnoll bouda barks out a call to the hunt!
The gnolls pick up the pace!
The hornet stings you!
* * * LOW HITPOINT WARNING * * *
You feel as though you will be slow longer.
You hit the hornet but do no damage.
The hornet looks even sicker.
Your bite misses the hornet.
The hornet is moderately wounded.
Your attacks no longer feel as feeble.
You feel very sick. The gnoll closely misses you. The gnoll barely misses you.
The hornet stings you!
* * * LOW HITPOINT WARNING * * *
You are lethally poisoned!
You suddenly lose the ability to move!
* * * LOW HITPOINT WARNING * * *
You feel very sick. The hornet stings you!
You die...

Skill      XL: |  1  2  3  4  5  6  7  8  9 10 |
---------------+-------------------------------+-----
Short Blades   | 2 3 4 5 6 7 8 |  8.0
Stealth        | 5 6 7 8 9 10 | 10.4
Fighting       | 2 3 4 |  4.2
Transmutations | 1 |  1.0
Earth Magic    | 1 |  1.0
Long Blades    | 6 8 |  8.5
Throwing       | |  1.7
Dodging        | |  0.7

Action                     |  1- 3 |  4- 6 |  7- 9 | 10-12 || total
---------------------------+-------+-------+-------+-------++-------
  Melee: Dagger            |    82 |   201 |   321 |    77 ||   681
         Bite              |    19 |    66 |   119 |    23 ||   227
         Punch             |     1 |     3 |     8 |     2 ||    14
  Throw: Dart              |       |     8 |       |       ||     8
   Cast: Passwall          |       |       |     1 |     1 ||     2
 Invoke: Curse Item        |     2 |       |     5 |     1 ||     8
   Stab: Sleeping          |     6 |     8 |    21 |     4 ||    39
         Distracted        |       |       |     1 |       ||     1
 Armour: Leather armour    |    28 |    75 |    60 |    24 ||   187
  Dodge: Dodged            |    64 |   171 |   192 |    60 ||   487

Levels and vault maps discovered:
D:1:      lemuel_arrival_tunnels, layout_loops_cross,
          hellmonk_ecumenical_altar_blasted, kennysheep_flooded_box
D:2:      layout_rooms
D:3:      layout_rooms, uniq_robin, uniq_terence, uniq_grinder
D:4:      layout_loops_corners, serial_shops, shop, nicolae_ossuary_entry_ruins,
          nicolae_titane
D:5:      layout_cave_pools, nicolae_uskayaw_en_pointe
D:6:      layout_cave_pools, mainiacjoe_overflow_24_doors,
          minmay_temple_entry_large_hall, kennysheep_donut
D:7:      layout_loops_ring, gammafunk_temple_overflow_forgotten,
          nicolae_shop_gadgets
D:8:      layout_basic, jmf_multi_god_temple, nicolae_vehumet_altar_sigil,
          nicolae_water_bricks, corexii_leaking_fountain, worms_lemuel
D:9:      layout_layer_cave, kennysheep_little_box, serial_shops,
          nicolae_shop_trees

Notes
Turn   | Place    | Note
-------+----------+-------------------------------------------
     0 | D:1      | Jackthecabe the Vine Stalker Brigand began the quest for
                  | the Orb.
     0 | D:1      | Reached XP level 1. HP: 11/11 MP: 2/2
   151 | D:1      | Reached skill level 2 in Short Blades
   244 | D:1      | Reached skill level 5 in Stealth
   385 | D:1      | Found a faded altar of an unknown god.
   651 | D:1      | Prayed at the altar of an unknown god.
   651 | D:1      | Became a worshipper of Ashenzari the Shackled
   665 | D:2      | Identified the ring "Ahan" {Fly rF+ rN++ AC+4 Int-2}
   674 | D:2      | Reached XP level 2. HP: 15/15 MP: 3/3
   756 | D:2      | Reached XP level 3. HP: 18/18 MP: 4/4
   994 | D:2      | Reached skill level 3 in Short Blades
  1145 | D:3      | Reached * piety under Ashenzari
  1257 | D:3      | Noticed Grinder
  1283 | D:2      | Gained mutation: Your natural rate of healing is unusually
                  | fast. [Vine Stalker growth]
  1283 | D:2      | Reached XP level 4. HP: 17/23 MP: 5/5
  1548 | D:3      | Noticed Terence
  1664 | D:3      | Reached XP level 5. HP: 26/26 MP: 4/6
  1684 | D:3      | Noticed Robin
  1800 | D:2      | Reached skill level 6 in Stealth
  1949 | D:3      | Killed Robin
  1950 | D:3      | Reached skill level 4 in Short Blades
  1998 | D:3      | Killed Terence
  2318 | D:4      | Found a sand-covered staircase.
  2334 | Ossuary  | Entered an ossuary
  2360 | Ossuary  | Reached XP level 6. HP: 27/30 MP: 5/7
  2407 | Ossuary  | Reached skill level 5 in Short Blades
  2500 | Ossuary  | Reached skill level 7 in Stealth
  2512 | Ossuary  | Reached XP level 7. HP: 34/34 MP: 8/8
  2573 | D:4      | Reached ** piety under Ashenzari
  2717 | D:4      | Found Sox Ucwa's Weapon Shop.
  2856 | D:4      | Reached skill level 6 in Short Blades
  3296 | D:5      | Entered Level 5 of the Dungeon
  3354 | D:5      | Reached skill level 2 in Fighting
  3526 | D:5      | Noticed a +0 short sword
  3526 | D:5      | Noticed a +0 short sword
  3526 | D:5      | Noticed a +0 falchion
  3529 | D:5      | Noticed a +0 dagger
  3529 | D:5      | Noticed a +0 spear
  3530 | D:5      | Noticed a +0 dagger
  3531 | D:5      | Noticed a +0 falchion
  3532 | D:5      | Noticed a +0 spear
  3541 | D:5      | Learned a level 2 spell: Passwall
  3541 | D:5      | Reached *** piety under Ashenzari
  3567 | D:5      | Found a hide-covered altar of Uskayaw.
  3813 | D:6      | Reached skill level 8 in Stealth
  3813 | D:6      | Gained mutation: You have razor-sharp teeth. [Vine Stalker
                  | growth]
  3813 | D:6      | Reached XP level 8. HP: 42/42 MP: 9/9
  3882 | D:6      | Reached skill level 7 in Short Blades
  3887 | D:6      | Reached skill level 3 in Fighting
  3962 | D:6      | Found a white marble altar of Elyvilon.
  4147 | D:6      | Found a staircase to the Ecumenical Temple.
  4539 | D:7      | Reached **** piety under Ashenzari
  4566 | D:7      | Reached skill level 1 in Transmutations
  4566 | D:7      | Reached skill level 1 in Earth Magic
  4599 | D:7      | Found a sparkling altar of Nemelex Xobeh.
  4601 | D:7      | Found a bloodstained altar of Trog.
  4601 | D:7      | Found an ancient bone altar of Kikubaaqudgha.
  4636 | D:7      | Found Agel's Gadget Gallery.
  4641 | D:7      | Reached skill level 9 in Stealth
  4688 | D:7      | Reached XP level 9. HP: 41/47 MP: 10/10
  4701 | D:7      | Reached skill level 8 in Short Blades
  4763 | D:7      | Reached skill level 4 in Fighting
  5348 | D:8      | Noticed a hornet
  5358 | D:8      | Reached skill level 1 in Long Blades
  5359 | D:8      | Killed a hornet
  5360 | D:8      | Reached skill level 2 in Long Blades
  5360 | D:8      | Reached skill level 10 in Stealth
  5431 | D:8      | Reached skill level 3 in Long Blades
  5443 | D:8      | Reached skill level 4 in Long Blades
  5463 | D:8      | Reached skill level 5 in Long Blades
  5480 | D:8      | Reached skill level 6 in Long Blades
  5480 | D:8      | Reached XP level 10. HP: 48/53 MP: 11/11
  5547 | D:8      | Found a staircase to the Lair.
  5606 | D:8      | Reached skill level 7 in Long Blades
  5741 | D:8      | Found an opulent altar of Gozag.
  5741 | D:8      | Found a broken altar of Ashenzari.
  5742 | D:8      | Noticed a two-headed ogre
  5756 | D:8      | Killed a two-headed ogre
  5764 | D:8      | Reached skill level 8 in Long Blades
  5830 | D:8      | Found a radiant altar of Vehumet.
  5926 | D:8      | Identified a potion of resistance
  5929 | D:8      | Identified the +7 rapier of the Battered Realms {heavy,
                  | Will+}
  5966 | D:8      | Reached ***** piety under Ashenzari
  6201 | D:9      | Found Nolein's Antique Armour Emporium.
  6264 | D:9      | Found a hazy altar of Hepliaklqana.
  6409 | D:9      | Paralysed by a hornet for 2 turns
  6417 | D:9      | HP: 5/53 [hornet (6)]
  6417 | D:9      | Paralysed by a hornet for 2 turns
  6418 | D:9      | HP: 1/53 [poisoned by a hornet]
  6418 | D:9      | Mangled by a hornet

Vanquished Creatures
  A two-headed ogre (D:8)
  A hornet (D:8)
  A wraith (D:9)
  A wyvern (D:8)
  5 yaks (D:8)
  2 swamp worms (D:8)
  A black bear (D:7)
  2 sky beasts (D:8)
  2 ogres
  A phantom (D:4)
  2 kobold brigands
  5 bullfrogs
  2 scorpions (D:6)
  4 water moccasin zombies (Ossuary)
  3 wights (D:6)
  13 killer bees
  2 electric eels
  2 hounds
  3 jellies
  2 orc priests (D:7)
  A gnoll bouda (D:7)
  2 iguanas
  Terence (D:3)
  4 orc wizards
  Robin (D:3)
  2 mummies (Ossuary)
  8 gnolls
  4 adders
  A shadow imp (D:6)
  3 white imps
  A worm (D:2)
  6 adder zombies (Ossuary)
  2 dart slugs
  23 orcs
  2 bats
  12 endoplasms
  3 giant cockroaches
  2 gnoll zombies (Ossuary)
  12 goblins
  10 hobgoblins
  5 jackals (D:2)
  10 kobolds
  5 quokkas
  A ball python (D:4)
  2 hobgoblin zombies (Ossuary)
  3 kobold zombies (Ossuary)
  10 orc zombies (Ossuary)
  4 rats
195 creatures vanquished.

Vanquished Creatures (others)
  4 plants (D:8)
4 creatures vanquished.

Grand Total: 199 creatures vanquished

Table legend: (Time is in decaauts)
 A = Elapsed time spent in this place.
 B = Non-inter-level travel time spent in this place.
 C = Inter-level travel time spent in this place.
 D = Time resting spent in this place.
 E = Time spent auto-exploring this place.
 F = Levels seen in this place.
 G = Mean time per level.
                   A        B        C        D        E       F      G
               +--------+--------+--------+--------+--------+-----+--------+
         Total |   6223 |   6005 |    218 |    562 |   3945 |  10 |  622.3 |
       Dungeon |   6041 |   5823 |    218 |    562 |   3878 |   9 |  671.2 |
       Ossuary |    181 |    181 |      0 |      0 |     67 |   1 |  181.0 |
               +--------+--------+--------+--------+--------+-----+--------+

Top non-repeatable levels by time:
     D:2: 984 daAuts
     D:7: 839 daAuts
     D:8: 824 daAuts
     D:4: 765 daAuts
     D:1: 662 daAuts
     D:3: 642 daAuts
     D:6: 630 daAuts
     D:5: 477 daAuts
     D:9: 216 daAuts
 Ossuary: 181 daAuts

Table legend:
 A = Non-vault XP
 B = Vault XP
 C = Vault XP percentage of total XP
 D = Non-vault monster count
 E = Vault monster count
 F = Vault count percentage of total count
                 A         B        C        D         E       F
            +---------+---------+-------+---------+---------+-------
      Total |    5158 |    1835 |  26.2 |     148 |      47 |  24.1
            +---------+---------+-------+---------+---------+-------
        D:1 |       8 |       0 |   0.0 |       5 |       0 |   0.0
        D:2 |     131 |      18 |  12.1 |      29 |       9 |  23.7
        D:3 |      26 |      59 |  69.4 |      12 |       5 |  29.4
        D:4 |     200 |       0 |   0.0 |      15 |       0 |   0.0
        D:5 |     234 |       0 |   0.0 |       6 |       0 |   0.0
        D:6 |     922 |       0 |   0.0 |      26 |       0 |   0.0
        D:7 |     732 |       0 |   0.0 |      26 |       0 |   0.0
        D:8 |    2442 |    1356 |  35.7 |      24 |       4 |  14.3
        D:9 |     463 |       0 |   0.0 |       5 |       0 |   0.0
    Ossuary |       0 |     402 | 100.0 |       0 |      29 | 100.0
            +---------+---------+-------+---------+---------+-------
